Cogmind - Beta 13 *** ADVENTURER MODE // 2024.07.09 @ 21:35:30 // Winter2019/RPGLIKE Player: nivertius Result: Destroyed by 8M-AMU(R) with Subdweller Laser Performance ------------- Evolutions (0) 0 Regions Visited (2) 400 Robots Destroyed (24) 120 Value Destroyed (601) 601 Prototype IDs (16) 320 Alien Tech Used (0) 0 Bonus (0) 0 TOTAL SCORE: 1441 Bonus ------- None Cogmind --------- Core Integrity 0/600 Matter 256/300 Energy 160/160 System Corruption 1% Temperature Cool (6) Movement Rolling (95) Ox1 Location -10/Subcaves Parts ------- > --- POWER (1+3) ------ Light Nuclear Core > --- PROPULSION (2) --- Wheel > --- UTILITY (3) ------ Improved Terrain Scanner Terrain Scan Processor Power Bank > --- WEAPON (1) ------- Heavy Battle Rifle > --- INVENTORY (2) ---- Grenade Launcher Mining Laser Peak State ------------ > --- POWER ------------ Light Nuclear Core > --- PROPULSION ------- Wheel Wheel > --- UTILITY ---------- Improved Terrain Scanner Terrain Scan Processor Power Bank > --- WEAPON ----------- Heavy Battle Rifle > --- INVENTORY -------- Grenade Launcher Mining Laser [Rating: 23] Favorites ----------- Power Light Nuclear Core Engine Ion Engine Power Core Light Nuclear Core Propulsion Aluminum Leg Leg Aluminum Leg Wheel Wheel Utility Tractor Beam Device Tractor Beam Processor Terrain Scan Processor Protection Power Shielding Weapon Beam Rifle Energy Gun Beam Rifle Energy Cannon Subdweller Beam Cannon Ballistic Gun Assault Rifle Build | -11 -10 -10 ------- Run | Yrd Mat Sub Slots Evolved 3 | . 2 1 Power . | . . . Propulsion 1 | . 1 . Utility 2 | . 1 1 Weapon . | . . . Parts Attached 20 | 3 13 4 Power 3 | 1 2 . Engine 1 | 1 . . Core 2 | . 2 . Reactor . | . . . Propulsion 5 | 1 4 . Treads . | . . . Leg 1 | 1 . . Wheel 4 | . 4 . Hover . | . . . Flight . | . . . Utility 5 | . 4 1 Device 3 | . 2 1 Storage . | . . . Processor 1 | . 1 . Hackware . | . . . Protection 1 | . 1 . Artifact . | . . . Weapon 7 | 1 3 3 Energy Gun 2 | 1 1 . Energy Cannon 1 | . . 1 Ballistic Gun 4 | . 2 2 Ballistic Cannon . | . . . Launcher . | . . . Special Weapon . | . . . Impact Weapon . | . . . Slashing Weapon . | . . . Piercing Weapon . | . . . Special Melee Weapon . | . . . Unidentified Prototypes . | . . . Parts Lost 1 | . . 1 Power . | . . . Propulsion 1 | . . 1 Utility . | . . . Weapon . | . . . Highest Loss Streak 1 | . . 1 To Critical Strikes . | . . . Average Slot Usage (%) 88 | . 87 93 Engine 5 | . 7 . Core 14 | . 14 14 Leg 15 | . 20 . Wheel 9 | . 2 30 Device 14 | . 14 16 Processor 4 | . . 14 Protection 3 | . 4 . Energy Gun 10 | . 11 5 Ballistic Gun 9 | . 10 6 Naked Turns . | . . . Heaviest Build 14 | 7 10 14 Greatest Support 26 | 10 26 20 Greatest Overweight (x) . | . . . Average Overweight (x) . | . . . Largest Inventory Capacity 2 | . 2 2 Average Capacity 1 | . 1 2 Most Carried 2 | . 2 2 Average Carried 1 | . 1 2 Final Capacity 2 | . 2 2 Final Carried 2 | . 2 2 Class Distribution -------------------- 67% | Hacker-Mutant 27% | Scavenger-Mutant 5% | Mutant Dominant Class ---------------- Hacker-Mutant | -10/Materials Scavenger-Mutant | -10/Subcaves Resources | -11 -10 -10 ----------- Run | Yrd Mat Sub Matter Collected 600 | 195 355 50 Remotely 204 | . 204 . Salvage Created 684 | . 461 223 Parts 63 | . 43 20 Haulers Intercepted 1 | . 1 . Recyclers Shooed 1 | . 1 . Parts Field Recycled . | . . . Retrieved Matter . | . . . Parts Self-Destructed . | . . . Prevented . | . . . Kills | -11 -10 -10 ------- Run | Yrd Mat Sub Combat Hostiles Destroyed 19 | . 14 5 Guns 18 | . 14 4 Cannons 1 | . . 1 Classes Destroyed 7 | . 5 2 Hauler 1 | . 1 . Recycler 1 | . 1 . Watcher 3 | . 3 . Swarmer 6 | . 6 . Grunt 8 | . 8 . Artisan 1 | . . 1 Subdweller 5 | . . 5 Best Kill Streak 4 | . 4 2 Combat Bots Only 4 | . 4 2 Max Kills in Single Turn 1 | . 1 1 Gunslinging . | . . . Exploded . | . . . Melee . | . . . Uniques/NPCs Destroyed . | . . . Combat | -11 -10 -10 -------- Run | Yrd Mat Sub Hostile Shots Fired 151 | . 98 53 Missed 29 | . 20 9 Damage Taken 1312 | . 573 739 Core 1086 | . 472 614 Absorbed by Shields . | . . . Redirected to Core 712 | . 288 424 Redirected to Shielding 6 | . 6 . Ignored by Resistances 397 | . 188 209 Core Remaining (%) 100 | 100 . . Volleys Fired 145 | . 91 54 Largest 1 | . 1 1 Hottest 80 | . 56 80 Shots Fired 146 | . 92 54 Gun 144 | . 92 52 Cannon 2 | . . 2 Launcher . | . . . Special . | . . . Kinetic 81 | . 64 17 Thermal 65 | . 28 37 Explosive . | . . . Electromagnetic . | . . . Robot Hit Streak 31 | . 31 14 Robot Miss Streak 2 | . 2 1 Penetration Max . | . . . Secondary Targets . | . . . Shots Hit Robots 123 | . 78 45 Core Hits 41 | . 30 11 Critical Kills . | . . . Critical Parts Destroyed 1 | . 1 . Critical Strikes 6 | . 3 3 Burn 5 | . 2 3 Destroy 1 | . 1 . Melee Attacks . | . . . Impact . | . . . Slashing . | . . . Piercing . | . . . Sneak Attacks . | . . . Combat Hostiles . | . . . Follow-up Attacks . | . . . Damage Inflicted 1730 | . 1017 713 Guns 1667 | . 1005 662 Cannons 51 | . . 51 Explosions . | . . . Melee . | . . . Ramming 12 | . 12 . Kinetic 903 | . 693 210 Thermal 815 | . 312 503 Explosive . | . . . Electromagnetic . | . . . Impact . | . . . Slashing . | . . . Piercing . | . . . Highest Corruption 1 | . 1 1 Average Corruption 1 | . 1 1 Corruption Purged . | . . . Corruption Blocked . | . . . Effects 9 | . 8 1 Message Errors 3 | . 2 1 Matter Fused 3 | . 3 . Energy Discharges 2 | . 2 . Misfires 1 | . 1 . Overload Shots . | . . . Overflow Damage . | . . . Projectiles . | . . . Explosions . | . . . Melee . | . . . Knockbacks . | . . . Impact . | . . . Kinetic . | . . . Secondary . | . . . Self-Inflicted Damage . | . . . Shots . | . . . Rammed . | . . . Targets Rammed 7 | . 7 . Kicked 7 | . 7 . Crushed . | . . . Highest Temperature 200 | . 200 18 Average Temperature 49 | . 52 9 Received Heat Transfer 429 | . 264 165 Effects 1 | . 1 . Interference 1 | . 1 . Siege Activations . | . . . Robots Corrupted . | . . . Combat Hostiles . | . . . Parts Fried . | . . . Impact Corruptions . | . . . Robots Melted . | . . . Combat Hostiles . | . . . Parts Melted 2 | . . 2 Heat Transferred 2368 | . 925 1443 Parts Sabotaged . | . . . Parts Stolen . | . . . Parts Stripped . | . . . Power Chain Reactions . | . . . Alert | -11 -10 -10 ------- Run | Yrd Mat Sub Peak Influence 189 | . 189 . Initial . | . . . Average 56 | . 58 . Maximum Alert Level . | . . . Low Security (%) 100 | 100 100 . Level 1 . | . . . Level 2 . | . . . Level 3 . | . . . Level 4 . | . . . Level 5 . | . . . High Security . | . . . Max Security . | . . . Squads Dispatched 3 | . 3 . Investigation 3 | . 3 . Extermination . | . . . Reinforcement . | . . . Assault . | . . . Garrison . | . . . Intercept . | . . . Searches Triggered . | . . . Construction Impeded . | . . . Haulers Reinforced . | . . . Active Scanning Responses . | . . . Cargo Convoy Interrupts . | . . . Stealth | -11 -10 -10 --------- Run | Yrd Mat Sub Distress Signals . | . . . Communications Jammed . | . . . Distress Signals . | . . . Times Spotted 25 | . 18 7 Peak Tracking Total 4 | . 4 2 Tactical Retreats . | . . . Traps | -11 -10 -10 ------- Run | Yrd Mat Sub Traps Triggered 4 | . 4 . Indirectly . | . . . Trap Hack Attempts . | . . . Triggered . | . . . Disarmed . | . . . Reprogrammed . | . . . Reused . | . . . Traps Extracted . | . . . Installed . | . . . Triggered . | . . . Machines | -11 -10 -10 ---------- Run | Yrd Mat Sub Machines Disabled 1 | . . 1 Max in Single Turn 1 | . . 1 Machines Repaired . | . . . Machines Dismantled . | . . . Machines Sabotaged . | . . . Overloaded Fab Kills . | . . . Hacking | -11 -10 -10 --------- Run | Yrd Mat Sub Machines Accessed 11 | . 10 1 Terminals 8 | . 8 . Fabricators . | . . . Repair Stations . | . . . Recycling Units 2 | . 2 . Scanalyzers . | . . . Garrison Access . | . . . Total Hacks 31 | . 30 1 Successful 17 | . 16 1 Failed 13 | . 13 . Catastrophic 1 | . 1 . Database Lockouts 1 | . 1 . Manual 21 | . 21 . Terminals 25 | . 25 . Fabricators . | . . . Repair Stations . | . . . Recycling Units 5 | . 5 . Scanalyzers . | . . . Garrison Access . | . . . Terminal Hacks 10 | . 9 1 Prototype ID Bank 4 | . 4 . Branch Access Points 1 | . 1 . Terminal Index 1 | . 1 . Garrison Index 1 | . 1 . Alert Level 1 | . 1 . Unreport Threat 1 | . 1 . Derelict Proto ID Bank 1 | . . 1 Fabricator Hacks . | . . . Repair Station Hacks . | . . . Recycling Unit Hacks 1 | . 1 . Retrieve Components 1 | . 1 . Scanalyzer . | . . . Garrison Access Hacks . | . . . Unauthorized Hacks 6 | . 6 . Terminals 4 | . 4 . Botnet 4 | . 4 . Fabricators . | . . . Repair Stations . | . . . Recycling Units 2 | . 2 . Reject 2 | . 2 . Scanalyzers . | . . . Garrison Access . | . . . Data Cores Recovered . | . . . Used . | . . . Hacking Detections 9 | . 9 . Full Trace Events 3 | . 3 . Feedback Events . | . . . Feedback Blocked . | . . . Robot Schematics Acquired . | . . . Robots Built . | . . . Authchips . | . . . Time . | . . . Total Robot Build Rating . | . . . Part Schematics Acquired . | . . . Parts Built . | . . . Authchips . | . . . Time . | . . . Total Part Build Rating . | . . . Parts Repaired . | . . . Time . | . . . Parts Recycled . | . . . Recycled Matter . | . . . Retrieved Matter . | . . . Retrieved Components 6 | . 6 . Parts Scanalyzed . | . . . Part Schematics Acquired . | . . . Parts Damaged . | . . . Bothacking | -11 -10 -10 ------------ Run | Yrd Mat Sub Used RIF Installer . | . . . Robots Hacked . | . . . Non-combat . | . . . Combat . | . . . Robot Hacks Applied . | . . . Relay Couplers Released . | . . . Fabnet Peak Effective % . | . . . Robots Rewired . | . . . Allies Hacked . | . . . Hacks Repelled . | . . . Allies | -11 -10 -10 -------- Run | Yrd Mat Sub Total Allies . | . . . Largest Group . | . . . Highest-Rated Group . | . . . Highest-Rated Ally . | . . . Total Orders . | . . . Ally Attacks . | . . . Total Damage . | . . . Kills . | . . . Allies Corrupted . | . . . Allies Melted . | . . . Intel | -11 -10 -10 ------- Run | Yrd Mat Sub Robot Analysis Total . | . . . Derelict Logs Recovered 1 | . . 1 Drone Launches . | . . . Drone Recoveries . | . . . Exploration | -11 -10 -10 ------------- Run | Yrd Mat Sub Turns Passed 1691 | 53 1242 396 Spaces Moved 1267 | 49 878 340 Core 15 | 15 . . Treads . | . . . Legs 785 | 34 751 . Wheels 467 | . 127 340 Hover . | . . . Flight . | . . . Fastest Speed 50 | 50 80 80 Average Speed 104 | 98 114 80 Slowest Speed 120 | 120 120 80 Overloaded Moves . | . . . Propulsion Burnouts . | . . . Robots Hopped . | . . . Cave-ins Triggered . | . . . Exploration Rate (%) 40 | 3 94 23 Regions Visited 2 Branch Regions 1 Pre-discovered Areas 1 | . . 1 Known Exits Taken . | . . . Unknown Exits Taken 2 | 1 1 . Scrap Searched 6 | . . 6 Spaces Dug . | . . . Terrain Destroyed . | . . . Melee . | . . . Projectile . | . . . AOE . | . . . Terrain Rammed . | . . . Walls Destroyed . | . . . Machines Disabled . | . . . Actions | -11 -10 -10 --------- Run | Yrd Mat Sub Total 1482 | 52 1020 410 Wait 6 | 1 2 3 Move 1265 | 48 877 340 Hop . | . . . Pick Up 2 | . 2 . Fast Attach 18 | 3 11 4 Attach . | . . . Detach . | . . . Swap 2 | . 2 . Drop 13 | . 10 3 Fire 145 | . 91 54 Melee . | . . . Ram . | . . . Kick 7 | . 7 . Crush . | . . . Escape Stasis . | . . . Rewire . | . . . Trap . | . . . Miscellaneous 24 | . 18 6 Route ------- -11/Scrapyard -10/Materials (discovered 5 exits: [*Mat x3] / *Min / *Sub) -10/Subcaves History --------- Turn | Location | Event 4 | -11/Scrapyard | Discovered new exit (range 16) 54 | -11/Scrapyard | Entered Materials 110 | -10/Materials | Discovered new exit (range 10) 189 | -10/Materials | Identified exit to Mines 268 | -10/Materials | Discovered new exit (range 16) 401 | -10/Materials | Build established: Hacker-Mutant 556 | -10/Materials | Central database locked down 672 | -10/Materials | Discovered new exit (range 13) 725 | -10/Materials | Discovered new exit (range 15) 873 | -10/Materials | Upgraded with Propulsion slot (x1) 873 | -10/Materials | Upgraded with Utility slot (x1) 954 | -10/Materials | Derelicts attacked the area 984 | -10/Materials | Reached level 2 1088 | -10/Materials | Discovered new exit (range 9) 1296 | -10/Materials | Entered Subcaves 1395 | -10/Subcaves | Core integrity fell below 50% 1414 | -10/Subcaves | Core integrity fell below 20% 1507 | -10/Subcaves | Disturbed a concealed Subdweller 1525 | -10/Subcaves | Build established: Scavenger-Mutant 1597 | -10/Subcaves | Visited 4L-MR0's lab 1614 | -10/Subcaves | Upgraded with Utility slot (x1) 1614 | -10/Subcaves | Found Power Bank 1615 | -10/Subcaves | Attached Power Bank, gained temporary slots: Power x3 1692 | -10/Subcaves | Destroyed by 8M-AMU(R) with Subdweller Laser Last Messages --------------- Flightbrick Gun Armor Power Bank Rainbow Chip VL-GR5's Exoskeleton "Deathgrip" Powered Cannon 01607_ 4L-MR0 mumbles: "I'm surprised some of them are even willing to come in here given their fear of my usual visitors." 01609_ Testing Chamber breached. 01612_ 4L-MR0 mumbles: "Who knows where that last prototype ended up, probably tossed aside somewhere as if it were useless junk..." 01614_ Upgraded: Utility Slot (+1) 01614_ Acquired Power Bank. 01615_ Core temporarily expanded with Power slot. 01625_ Acquired 6 matter. 01631_ QO-ZE4(R): "MADSUB!" 01632_ 8Q-IQO(O) collects matter. 01637_ QO-ZE4(R) destroyed. 01654_ Used Protomatter to restore core integrity (+135, depleted) 01683_ Wheel destroyed. Map ----- +----------------------------------------------------+ | | | | | ?#?????#?????????????????????????????????????????? | | ?#?#?#???????????????????????????????????????????? | | ##??????##???????????????????????????????????????? | | ###?##?????#???#?????????????????????????????????? | | ###?????????#?#?#????????????????????????????????? | | ###???????##?????????????????????????????????????? | | "#?##?#????###?#????????????????????????????????? | | "#?????#???#?#????#?????????????????????????????? | | #####?????##?##????????#???#?????????????????????? | | + "#####??#??????#???????????#??????????????????? | | ## "#??????###???#?????#???#?????????????????????? | | ## "####??##?#?#???????##??##??##?#??????????????? | | % ="#???###?#?#??#??###?#?#??????????????????????? | | [ ]"#??##????#?#?????????????????????#???????????? | | "##??#?#?##??#?#???##????#?????????????????????? | | ""###?#???##??#####??##??#??###??#???##??????????? | | #######??#?##### #?? ## ??? #??##??????????????? | | ### ########?## #??# ??? ## #??#???????????? | | ## ## ### #???# ###? #### #?????????? | | ###?# ### ## ?????????? | | ### ## ?????????? | | ###### ### # #????????? | | #??### #????????? | | ##?### @ #????????? | | ###??## ### #????????? | | #####?## "#?# #????????? | | % ###### #### RR" #????????? | | #?### #?### " ?????????? | | != ##? ?## ????# ## ####??????????? | | & ! ##?????# # ???? #?? #???#?????????? | | # * ##????? #?# " "?#? #?#???????????? | | ### ##??? ???"""##?? #?????????????? | | ?## ##????? ???"##??? ??????????????? | | ? #??? ?#### ? ????"???? ??#???????????? | | ?? ?? #???? ##?????????????????????????? | | ?# ????? ##??????????? ??????????????? | | ?# ??? ?##?#???????? ????????????????? | | ? ????????#????????????????????????? | | ## ???????????#?????????????????????? | | ? ##?# ??????????????????????????????????? | | ? ????#### ???????????????????????????????????? | | ?#???#?? ?????????????????????????????????????? | | ?? ?#?#??????????????????????????????????????????? | | ?? ??????????????????????????????????????????????? | | ?????????????????????????????????????????????????? | | ?????????????????????????????????????????????????? | | ?????????????????????????????????????????????????? | | ?????????????????????????????????????????????????? | +----------------------------------------------------+ Best States ------------- Heat Dissipation 25 Energy Generation 14 Energy Capacity 250 Matter Stores 300 Matter Capacity 300 Sight Range 16 Terrain Scan Range 16 Terrain Scan Density 85 Resistance: KI 20 Resistance: TH 20 Resistance: EX 20 Resistance: EM 20 Resistance: I 20 Resistance: S 20 Resistance: P 20 Power Shielding 33 Evasion (%) 55 Offensive Hacking 15 Defensive Hacking 5 Item Schematics ----------------- None Robot Schematics ------------------ None Fabricated ------------ Nothing Alien Tech Used ----------------- None Achievements -------------- None Challenges ------------ None RPGLIKE | -11 -10 -10 --------- Run | Yrd Mat Sub Levels Raised 1 | . 1 . XP Earned 6870 | 4000 1870 1000 XP Spent 3850 | . 3050 800 Upgrades 9 | . 8 1 Propulsion Slot 1 | . 1 . Utility Slot 2 | . 1 1 Inventory Capacity 2 | . 2 . Ranged Accuracy 2 | . 2 . Hack Attack % 1 | . 1 . Hack Defense % 1 | . 1 . Protomatter Created 251 | . 163 88 Integrity Restored 489 | . 354 135 Core 483 | . 348 135 Parts 6 | . 6 . Protomatter Decayed 93 | . 45 48 Game ------ Seed DispersionReactiveBrace Manual? 0 Play Time 00:15:53 Cumulative 82.0 hours Start 2024.07.07 @ 20:56:25 End 2024.07.09 @ 21:35:30 Sessions 2 Manual Loads 0 Difficulty Adventurer Special Mode Winter2019/RPGLIKE Game No. 26 Rogue 6 Adventurer 20 Explorer 0 Win Type - Total 3 Types 2/0/0/1/0/0/0/0/0 Lore% 54 Gallery% 63 Achievement% 58 Wizard Run 0 Options --------- Layout 0 ASCII 0 Keyboard 1 Movement Numpad Keybinds 0 Fullscreen 1 Font 36/Crisp Map View 76x50 Zoom Use 0% Tactical HUD 1 Map Filters NONE Filters NONE Steam 1 RUN: a1d3ea8f-aeb0-4c51-bab7-dfbdfdad622e